General information
			
			
        
        - name: BNet
 
        - type: Ladder 1vs1/FFA
 
        - host: Battle.net
 
        - saver: timG4strok
 
        
map: MeltingValley 
        - players: 2
 
        - length: 24:05
 
        - speed: Fast
 - version: 1.22 W3XP
 - replay type:  

 
» download(88 KB)
Players
        team 1 (loser) 
              
              
AnnoxNex (
blue | 64 APM | 1540 actions | 24:03)
              
 5 Mountain King 
 3 Storm Bolt
 2 Bash
 4 Pandaren Brewmaster 
 2 Breath of Fire
 2 Drunken Brawler
 
                » actions 
                
                | Build / train | 79 |  | 
| Enter build submenu | 21 |  | 
| Enter hero's abilities submenu | 9 |  | 
| Give item / drop item | 1 |  | 
| Right click | 678 |  | 
| Select / deselect | 692 |  | 
| Use ability | 59 |  | 
                1540 total
 » units 
                
                | Peasant | 15 |  | 
| Footman | 9 |  | 
| Forest Troll Berserker | 3 |  | 
| Forest Troll Shadow Priest | 2 |  | 
| Dragonhawk Rider | 10 |  | 
| Gryphon Rider | 5 |  | 
| Knight | 5 |  | 
| Mud Golem | 1 |  | 
| Rifleman | 4 |  | 
                54 total
 » upgrades
                
                | Defend | 1 |  | 
| Lumber Harvesting | 2 |  | 
| Storm Hammers | 1 |  | 
| Animal War Training | 1 |  | 
                5 total
 » buildings
                
                | Altar of Kings | 1 |  | 
| Farm | 9 |  | 
| Barracks | 1 |  | 
| Blacksmith | 2 |  | 
| Scout Tower | 1 |  | 
| Keep | 1 |  | 
| Lumber Mill | 1 |  | 
| Arcane Tower | 1 |  | 
| Arcane Vault | 1 |  | 
| Gryphon Aviary | 1 |  | 
| Town Hall | 2 |  | 
| Castle | 1 |  | 
                22 total
 » build order
                00:06 Altar of Kings
00:23 Farm
00:37 Barracks
01:00 Farm
01:38 Farm
02:15 Farm
02:21 Blacksmith
03:02 Scout Tower
03:23 Keep
03:52 Lumber Mill
04:01 Arcane Tower
04:14 Farm
04:56 Arcane Vault
06:09 Gryphon Aviary
07:03 Farm
08:21 Farm
08:27 Town Hall
09:41 Castle
09:58 Farm
10:49 Farm
11:43 Town Hall
14:22 Blacksmith
» items
                
                | Scroll of Regeneration | 4 |  | 
| Potion of Lesser Invulnerability | 1 |  | 
| Scroll of Town Portal | 1 |  | 
                6 total
  
               team 2 (winner) 
              
              
» 
timG4strok (
teal | 135 APM | 3249 actions | 24:05)
              
 5 Blademaster 
 2 Wind Walk
 3 Critical Strike
 6 Shadow Hunter 
 2 Hex
 3 Healing Wave
 1 Big Bad Voodoo
 3 Goblin Alchemist 
 2 Acid Bomb
 1 Chemical Rage
 
                » actions 
                
                | Assign group hotkey | 39 |  | 
| Basic commands | 90 |  | 
| Build / train | 85 |  | 
| ESC pressed | 2 |  | 
| Enter build submenu | 18 |  | 
| Enter hero's abilities submenu | 14 |  | 
| Give item / drop item | 5 |  | 
| Right click | 1250 |  | 
| Select / deselect | 308 |  | 
| Select group hotkey | 1301 |  | 
| Use ability | 137 |  | 
                3249 total
 » units 
                
                | Peon | 12 |  | 
| Grunt | 9 |  | 
| Raider | 5 |  | 
| Spirit Walker | 2 |  | 
| Troll Batrider | 10 |  | 
| Troll Headhunter/Berserker | 2 |  | 
                40 total
 » upgrades
                
                | Berserker Strength | 1 |  | 
| Ensnare | 1 |  | 
| Pillage | 1 |  | 
| Spirit Walker Training | 1 |  | 
| Berserker Upgrade | 1 |  | 
| Reinforced Defenses | 1 |  | 
                6 total
 » buildings
                
                | Altar of Storms | 1 |  | 
| Orc Burrow | 6 |  | 
| Barracks | 1 |  | 
| Stronghold | 2 |  | 
| Voodoo Lounge | 2 |  | 
| Beastiary | 3 |  | 
| Spirit Lodge | 1 |  | 
| War Mill | 1 |  | 
| Fortress | 1 |  | 
| Great Hall | 2 |  | 
                20 total
 » build order
                00:03 Altar of Storms
00:12 Orc Burrow
00:36 Barracks
01:24 Orc Burrow
02:39 Stronghold
02:39 Stronghold
03:23 Voodoo Lounge
03:57 Orc Burrow
04:39 Orc Burrow
05:22 Beastiary
06:07 Spirit Lodge
07:10 War Mill
11:09 Orc Burrow
11:11 Fortress
12:13 Great Hall
12:56 Orc Burrow
15:28 Beastiary
16:20 Beastiary
20:55 Great Hall
21:46 Voodoo Lounge
» items
                
                | Healing Salve | 6 |  | 
| Lesser Clarity Potion | 4 |  | 
| Scroll of Town Portal | 3 |  | 
| Circlet of Nobility | 1 |  | 
| Potion of Healing | 1 |  | 
| Orb of Lightning | 1 |  | 
| Scroll of Speed | 1 |  | 
                17 total
  
                Chat log
          (00:09 / All) AnnoxNex: gl
(00:15 / All) timG4strok: gg gl eta
(00:21 / All) AnnoxNex: eta?
(00:25 / All) timG4strok: en taro adun
(01:53 / All) AnnoxNex: this map is huge
(01:56 / All) timG4strok: yeah
(02:04 / All) timG4strok: its like a big ol secret valley except flipped a little
(23:01 / All) AnnoxNex: wow
(23:04 / All) AnnoxNex: everyeon always complains
(23:06 / All) AnnoxNex: about hu
(23:08 / All) AnnoxNex: being strong
(23:14 / All) AnnoxNex: orc is so op
(23:18 / All) timG4strok: WHAT
(23:19 / All) timG4strok: what
(23:23 / All) AnnoxNex: ya
(23:23 / All) timG4strok: shouldve gotten casters
(23:25 / All) AnnoxNex: fuckin bats
(23:26 / All) AnnoxNex: dominate air
(23:35 / All) timG4strok: did you watch wwi
(23:39 / All) AnnoxNex: farseer tc dominate 
(23:40 / All) timG4strok: sky tried to mass gryph
(23:47 / All) timG4strok: grubby went acid bomb and bats
(23:48 / All) timG4strok: damn
(23:55 / All) AnnoxNex: w/e
(23:56 / All) AnnoxNex: gg
(23:58 / All) timG4strok: gg